 Dungeon Crawl Stone Soup version 0.31-a0-233-g139696dc86 (webtiles) character file.

Game seed: 11512418577927966540

64 qw the Shooter (level 4, 0/26 HPs)
             Began as a Gargoyle Hexslinger on July 8, 2023.
             Slain by an ogre
             ... wielding a +0 giant club
              (5 damage)
             ... on level 3 of the Dungeon.
             The game lasted 00:00:43 (2129 turns).

qw the Shooter (Gargoyle Hexslinger)                Turns: 2129, Time: 00:00:44

Health: 0/26       AC: 14    Str: 11    XL:     4   Next: 12%
Magic:  5/5        EV: 10    Int: 14    God:
Gold:   166        SH:  0    Dex: 14    Spells: 4/5 levels left

rFire   . . .        Y - +1 sling
rCold   . . .        (no shield)
rNeg    + . .        c - +0 ring mail
rPois   inf          d - +0 helmet
rElec   +            (no cloak)
rCorr   .            (no gloves)
SInv    .            e - +0 pair of boots
Will    .....        (no amulet)
Stlth   +            j - +4 ring of protection
HPRegen 0.24/turn    (no ring)
MPRegen 0.09/turn

%: no passive effects
@: attractive
A: sickness immunity, AC +3, negative energy resistance 1, electricity
resistance, torment resistance 1, petrification resistance
a: no special abilities


You were on level 3 of the Dungeon.
You visited 1 branch of the dungeon, and saw 4 of its levels.

You collected 166 gold pieces.


Innate Abilities, Weirdness & Mutations

You are immune to sickness and miasma.
Your stone body is resilient. (AC +3)
You are immune to poison.
You resist negative energy. (rN+)
You are resistant to electric shocks. (rElec)
You are resistant to unholy torment.
You are immune to petrification.


   Skills:
 - Level 2.3 Fighting
 + Level 3.5 Ranged Weapons
 - Level 1.0 Armour
 - Level 1.5 Dodging
 - Level 1.0 Spellcasting
 - Level 2.6 Hexes


You had 4 spell levels left.
You knew the following spells:

 Your Spells              Type           Power      Damage    Failure   Level
a - Slow                  Hex            32%        N/A       21%         1

Your spell library contained the following spells:

 Spells                   Type           Power      Damage    Failure   Level
 Inner Flame              Hex/Fire       4%         N/A       71%         3
 Portal Projectile        Hex/Tloc       8%         N/A       71%         3
 Cause Fear               Hex            4%         N/A       90%         4

Inventory:

Hand Weapons
 Y - a +1 sling (weapon)
Armour
 c - a +0 ring mail (worn)
 d - a +0 helmet (worn)
 e - a +0 pair of boots (worn)
Jewellery
 j - a +4 ring of protection (left hand)
Potions
 b - a potion of brilliance {unknown}
 g - a potion of heal wounds {unknown}
 i - a potion of curing {unknown}

Dungeon Overview and Level Annotations

Branches:
Dungeon (4/15)
 Temple: D:4-7

Altars:
Gozag

Shops:
D:1 ?

Annotations:
D:2 1 runed translucent door, Crazy Yiuf
D:4 3 runed translucent doors


Message History

You climb downwards.
The ogre shouts!
The ogre is attracted toward you.
Found a scroll labelled ZOMAN VUABUO and 57 gold pieces.
Found an opulent altar of Gozag.
Found a stone staircase leading down.
There is a stone staircase leading up here.
An ogre is nearby!
Waypoint 3 assigned to D:4.
You shoot a sling bullet. The sling bullet hits the ogre.
The ogre is lightly wounded.
The ogre closely misses you.
You shoot a sling bullet. The sling bullet hits the ogre.
The ogre is lightly wounded.
The ogre hits you with a +0 giant club!!
Ouch! That really hurt!
2126 ||| STAIRDANCE You climb upwards.
There is a stone staircase leading down here.
Enter note:
Enter note:
Enter note:
Enter note:
Enter note:
Enter note:
Enter note:
Enter note:
Enter note:
Enter note:
Enter note:
Enter note:
Enter note:
Enter note:
Enter note: You shoot a sling bullet.
The sling bullet barely misses the ogre.
The ogre completely misses you.
You shoot a sling bullet. The sling bullet hits the ogre.
The ogre is lightly wounded.
The ogre hits you with a +0 giant club.
You die...

#.#.......#.#
#####.#.#####.#.#
#.....#.#.^.#.#.#
#.#####.#.#.#.#.# #.#
#.#.#.#.#.# #.# #.#.#.#.#.#
#.# #.#.......############
#.#####.###.................
#.##.......@O.........####..
#.##.##.#####.#!#####.## #.)
#.##.##.......#.# #..###..
#.##.##########.# ##.....[
#.##.# #.# #####..
#.##.##########.## #..
#.##.##..........# #..
#.##.##..........# ##'
#.##)............# #.


You could see an ogre.

Vanquished Creatures
  2 adders (D:2)
  A worm (D:2)
  2 bats
  8 endoplasms
  3 giant cockroaches
  A goblin (D:1)
  6 hobgoblins
  4 jackals
  2 kobolds
  2 quokkas
  4 ball pythons
  2 rats
37 creatures vanquished.

Notes
Turn   | Place    | Note
-------+----------+-------------------------------------------
     0 | D:1      | qw the Gargoyle Hexslinger began the quest for the Orb.
     0 | D:1      | Reached XP level 1. HP: 12/12 MP: 2/2
     0 | D:1      | 0 ||| qw: Version: 0.3-a-46-gb1f654a
     0 | D:1      | 0 ||| qw: Game counter: 3616
     0 | D:1      | 0 ||| qw: Melee chars always use a shield: true
     0 | D:1      | 0 ||| qw: God list: Okawaru
     0 | D:1      | 0 ||| qw: Allow faded altars: false
     0 | D:1      | 0 ||| qw: Do Orc after clearing Dungeon:15 true
     0 | D:1      | 0 ||| qw: Do second Lair branch before Depths: true
     0 | D:1      | 0 ||| qw: Lair rune preference: random
     0 | D:1      | 0 ||| qw: Goals: Normal
     0 | D:1      | 0 ||| PLANNING D:1-11
    21 | D:1      | HP: 3/12 [quokka (2)]
   112 | D:1      | Found Kobon's Magic Scroll Shoppe.
   120 | D:1      | Reached XP level 2. HP: 16/16 MP: 3/3
   123 | D:1      | 123 ||| SHOPLISTING scroll of identify (28 gold, have 0).
   238 | D:1      | Found a faded altar of an unknown god.
   505 | D:1      | 505 ||| UPGRADING to +0 helmet.
   510 | D:1      | 510 ||| UPGRADING to +0 pair of boots.
   515 | D:1      | 515 ||| UPGRADING to +0 leather armour.
   525 | D:1      | 525 ||| DROPPING +0 robe.
   526 | D:1      | 526 ||| READING scroll labelled AFUESIRPH MIHEE.
   527 | D:1      | 527 ||| DROPPING scroll of poison.
   574 | D:2      | Reached skill level 3 in Ranged Weapons
   625 | D:2      | Found a runed translucent door.
   626 | D:2      | Noticed Crazy Yiuf
   738 | D:2      | HP: 3/17 [giant cockroach (2)]
   741 | D:2      | Reached XP level 3. HP: 4/21 MP: 4/4
  1238 | D:2      | 1238 ||| UPGRADING to +0 ring mail.
  1248 | D:2      | 1248 ||| DROPPING +0 leather armour.
  1249 | D:2      | 1249 ||| UPGRADING to +4 ring of protection.
  1250 | D:2      | 1250 ||| READING 2 scrolls labelled GACVORU APHA.
  1251 | D:2      | 1251 ||| READING scroll labelled EHOHUO NANE.
  1252 | D:2      | 1252 ||| DROPPING scroll of fog.
  1484 | D:3      | Reached XP level 4. HP: 26/26 MP: 5/5
  1519 | D:3      | Reached skill level 1 in Armour
  2110 | D:3      | 2110 ||| READING scroll labelled IWAUHO VIXY.
  2114 | D:3      | 2114 ||| READING scroll labelled CELEGE NUNY.
  2115 | D:3      | 2115 ||| READING scroll labelled GEG XUM MOCVUE.
  2116 | D:3      | 2116 ||| DRINKING 2 ruby potions.
  2117 | D:3      | 2117 ||| DROPPING potion of attraction.
  2123 | D:4      | Noticed an ogre
  2123 | D:4      | Found a runed translucent gate.
  2123 | D:4      | Found a runed translucent gate.
  2123 | D:4      | Found a runed translucent gate.
  2123 | D:4      | Found an opulent altar of Gozag.
  2125 | D:4      | HP: 4/26 [ogre/+0 giant club (22)]
  2126 | D:4      | 2126 ||| STAIRDANCE
  2129 | D:3      | Slain by an ogre

Levels and vault maps discovered:
D:1:      onia_arrival_handbag, layout_rooms,
          dreamdust_ecumenical_altar_hidden_monk_grotto, serial_shops, shop
D:2:      layout_basic, uniq_crazy_yiuf_cottage
D:3:      layout_basic
D:4:      layout_loops_ring, ebering_ghost_gozag

Skill      XL: |  1  2  3  4 |
---------------+-------------+-----
Ranged Weapons | 3 |  3.5
Fighting       | 2 |  2.3
Armour         | 1 |  1.0
Dodging        | |  1.5
Spellcasting   | |  1.0
Hexes          | |  2.6

Action                     |  1- 3 |  4- 6 || total
---------------------------+-------+-------++-------
   Fire: Sling             |   141 |    15 ||   156
    Use: Scroll            |     3 |     3 ||     6
         Potion            |       |     1 ||     1
 Armour: Robe              |     5 |       ||     5
         Leather armour    |    24 |       ||    24
         Ring mail         |     6 |     1 ||     7
  Dodge: Dodged            |    52 |     3 ||    55

Table legend:
 A = Non-vault XP
 B = Vault XP
 C = Vault XP percentage of total XP
 D = Non-vault monster count
 E = Vault monster count
 F = Vault count percentage of total count
                 A         B        C        D         E       F
            +---------+---------+-------+---------+---------+-------
      Total |      87 |       5 |   5.4 |      33 |       4 |  10.8
            +---------+---------+-------+---------+---------+-------
        D:1 |      10 |       5 |  33.3 |       5 |       4 |  44.4
        D:2 |      58 |       0 |   0.0 |      18 |       0 |   0.0
        D:3 |      19 |       0 |   0.0 |      10 |       0 |   0.0
            +---------+---------+-------+---------+---------+-------
